 Dungeon Crawl Stone Soup version 0.28.0-53-g5a82cb258f (webtiles) character file.

Game seed: 1961489520847026086

200 spiderkeys the Ducker (level 5, 0/32 HPs)
             Began as a Deep Elf Abyssal Knight on June 11, 2022.
             Was a Believer of Lugonu.
             Succumbed to a scorpion's poison
             ... on level 4 of the Dungeon.
             The game lasted 00:05:06 (4128 turns).

spiderkeys the Ducker (Deep Elf Abyssal Knight)     Turns: 4128, Time: 00:05:07

Health: 0/32       AC:  6    Str: 10    XL:     5   Next: 48%
Magic:  11/11      EV: 11    Int: 17    God:    Lugonu [**....]
Gold:   86         SH:  0    Dex: 15    Spells: 10/10 levels left

rFire   + . .      SeeInvis .   b - +1 whip (elec)
rCold   . . .      Faith    .   (no shield)
rNeg    + . .      Spirit   .   k - +0 ring mail
rPois   .          Reflect  .   (no helmet)
rElec   .          Harm     .   o - +0 cloak
rCorr   .          Rampage  .   (no gloves)
Will    .....                   (no boots)
Stlth   +.........              (no amulet)
HPRegen 0.10/turn               F - ring of protection from fire
MPRegen 0.12/turn               N - ring of positive energy

@: lethally poisoned (0 -> -10), invisible
A: no striking features
a: Renounce Religion, Depart the Abyss, Bend Space


You were on level 4 of the Dungeon.
You worshipped Lugonu.
Lugonu was pleased with you.
You visited 1 branch of the dungeon, and saw 4 of its levels.
You visited the Abyss 1 time.

You collected 86 gold pieces.


   Skills:
 + Level 3.3 Fighting
 - Level 1.3 Polearms
 - Level 0.7 Armour
 + Level 4.0 Dodging
 + Level 3.2 Spellcasting
 + Level 3.5 Invocations


You had 10 spell levels left.
You didn't know any spells.
Your spell library contained the following spells:

 Spells                   Type           Power      Damage    Failure   Level
 Pain                     Necr           8%         1d4       41%         1
 Blink                    Tloc           4%         N/A       56%         2
 Agony                    Necr           2%         N/A       100%        5
 Excruciating Wounds      Necr           1%         N/A       100%        5
 Manifold Assault         Tloc           2%         N/A       100%        5
 Storm Form               Tmut/Air       1%         N/A       100%        7

Inventory:

Hand Weapons
 a - a +0 hunting sling
   (You found it on level 3 of the Dungeon)
 b - a +1 whip of electrocution (weapon)
   (You took it off an orc on level 3 of the Dungeon)
 f - a +2 spear
Missiles
 c - 44 arrows
 d - 38 sling bullets
 e - 2 poisoned darts
 g - 5 javelins
 i - a stone
 n - 14 bolts
Armour
 k - a +0 ring mail (worn)
   (You found it on level 2 of the Dungeon)
 o - a +0 cloak (worn)
   (You took it off Crazy Yiuf on level 3 of the Dungeon)
 p - a +0 leather armour
Jewellery
 F - a ring of protection from fire (left hand)
   (You found it on level 1 of the Dungeon)
 N - a ring of positive energy (right hand)
   (You found it on level 1 of the Dungeon)
Scrolls
 h - a scroll of noise {!r}
 m - 2 scrolls of identify {@r1}

Dungeon Overview and Level Annotations

Branches:
Dungeon (4/15)
 Temple: D:4-7

Altars:
The Shining One

.......###.#..#..##.##
........####.......##
.........###..##...#
... #........#####
###..##>.###
#....#.....#
(.#..........##
#..(...........#
......(.@......#
........##....##
#.###....#...## ..
#.....#...#
#..[.##...#
###..#...## #.##....#
## ##.### #.#


There were no monsters in sight!


Message History

You see here a +2 dagger of speed.
m - 2 scrolls of identify {@r1} (gained 1) Key pressed, stopping explore.
Found a stone staircase leading down.
An adder comes into view.
The adder hisses angrily.
The adder misses you.
You closely miss the adder. The adder bites you. 😕 HP[-1]
You take 1 damage, and now have 27/28 hp.
You hit the adder but do no damage. The adder bites you.
The adder bites you but does no damage. 😕 HP[-2]
You take 2 damage, and now have 25/28 hp.
You hit the adder. Lightning courses through the adder!
You kill the adder!
Lugonu accepts your kill.
You have reached level 5! 😕 HP[+4] MP[+1]
You now have 32 max hp (+4).
You regained 4 hp, and now have 29/32 hp.
Your mp is fully restored (11).
Your +1 whip of electrocution stops crackling.
a - a +0 hunting sling (weapon)
Found a stone staircase leading up. 😎 HP[+3]
Your hp is fully restored (32).
Key pressed, stopping explore.
q - a scroll labelled WESHRA JEAXUL A scorpion comes into view.
A scorpion is nearby!
You shoot a sling bullet.
The sling bullet barely misses the scorpion.
You shoot a sling bullet. The sling bullet hits the scorpion.
You shoot a sling bullet.
The sling bullet closely misses the scorpion.
You shoot a sling bullet. The sling bullet hits the scorpion.
You hear the crackle of electricity.
b - a +1 whip of electrocution (weapon)
The scorpion closely misses you.
You hit the scorpion. The scorpion stings you.
You are poisoned.
The scorpion poisons you! 😕 HP[-4]
You take 4 damage, and now have 28/32 hp.
You hit the scorpion.
You feel very sick. The scorpion stings you.
You are lethally poisoned!
The scorpion poisons you! The scorpion misses you. 😮 HP[-6]
You take 6 damage, and now have 22/32 hp.
You closely miss the scorpion.
You feel very sick.
The scorpion closely misses you. 😮 HP[-5]
You take 5 damage, and now have 17/32 hp.
Unknown command.
You hit the scorpion but do no damage.
* * * LOW HITPOINT WARNING * * *
You feel very sick.
The scorpion closely misses you. 😨 HP[-4]
You take 4 damage, and now have 13/32 hp.
Unknown command.
You closely miss the scorpion.
* * * LOW HITPOINT WARNING * * *
You feel very sick. The scorpion stings you.
* * * LOW HITPOINT WARNING * * *
The scorpion stings you.
* * * LOW HITPOINT WARNING * * *
😱 HP[-8]
You take 8 damage, and now have 5/32 hp.
MASSIVE DAMAGE!! (PAUSE)
You feel better. The scorpion stings you.
* * * LOW HITPOINT WARNING * * *
You are lethally poisoned!
The scorpion poisons you! 😱 HP[+2]
You regained 2 hp, and now have 7/32 hp.
You hit the scorpion but do no damage. Lightning courses through the scorpion!
You kill the scorpion!
Lugonu accepts your kill.
* * * LOW HITPOINT WARNING * * *
You feel very sick.
Your Dodging skill increases to level 4!
Your Spellcasting skill increases to level 3! 😱 HP[-4]
You take 4 damage, and now have 3/32 hp.
It was a potion of invisibility.
You fade into invisibility!
* * * LOW HITPOINT WARNING * * *
You feel sick. 😱 HP[-2]
You take 2 damage, and now have 1/32 hp.
As you read the scroll labelled WESHRA JEAXUL, it crumbles to dust.
You assume a fearsome visage.
Nothing appears to happen.
It was a scroll of fear.
You die...

Skill      XL: |  1  2  3  4  5 |
---------------+----------------+-----
Spellcasting   | 1 2 3 |  3.2
Dodging        | 3 4 |  4.0
Fighting       | 3 |  3.3
Invocations    | 3 |  3.5
Polearms       | |  1.3
Armour         | |  0.7

Action                   |  1- 3 |  4- 6 || total
-------------------------+-------+-------++-------
Melee: Spear             |   121 |     2 ||   123
       Punch             |     2 |     1 ||     3
       Whip              |       |    23 ||    23
 Fire: Hunting sling     |    16 |     5 ||    21
Throw: Dart              |     2 |       ||     2
       Stone             |     1 |       ||     1
Invok: Bend Space        |     2 |       ||     2
  Use: Scroll            |     4 |     1 ||     5
       Potion            |     2 |     3 ||     5
 Stab: Sleeping          |     2 |       ||     2
Armor: Leather armour    |    12 |       ||    12
       Ring mail         |     7 |     3 ||    10
Dodge: Dodged            |    64 |    16 ||    80

Levels and vault maps discovered:
D:1:      giann_forest_graveyard, layout_rooms, serial_glass, glass_columns_b,
          glass_columns_a
D:2:      layout_loops_corners, dreamdust_ecumenical_altar_hidden_monk_grotto
D:3:      layout_loops_ring, lemuel_crystal_altar, nicolae_figureground_pulse,
          uniq_crazy_yiuf_cottage
D:4:      layout_cave_pools

Notes
Turn   | Place    | Note
-------+----------+-------------------------------------------
     0 | Abyss:1  | spiderkeys the Deep Elf Abyssal Knight began the quest for
                  | the Orb.
     0 | Abyss:1  | Reached XP level 1. HP: 13/13 MP: 4/4
     0 | Abyss:1  | magus.rc [v1.11.3]
     9 | D:1      | You pass through the gate.
     9 | D:1      | Escaped the Abyss
    57 | D:1      | You pick up a book of Pain and begin reading...
    57 | D:1      | You add the spells Pain, Agony and Excruciating Wounds to
                  | your library.
   137 | D:1      | Reached skill level 1 in Spellcasting
   139 | D:1      | Reached XP level 2. HP: 18/18 MP: 5/5
   457 | D:1      | HP: 4/18 [quokka (3)]
   890 | D:2      | Reached skill level 3 in Dodging
   890 | D:2      | Reached XP level 3. HP: 14/22 MP: 7/7
  1234 | D:2      | Reached ** piety under Lugonu
  1314 | D:2      | You add the spells Blink, Manifold Assault and Storm Form
                  | to your library.
  1664 | D:2      | Found a faded altar of an unknown god.
  1973 | D:3      | Found a runed translucent door.
  1974 | D:3      | Noticed Crazy Yiuf
  2071 | D:3      | HP: 2/22 [worm (6)]
  2548 | D:3      | Reached skill level 2 in Spellcasting
  2938 | D:3      | Found a glowing golden altar of the Shining One.
  3045 | D:3      | HP: 5/22 [orc wizard/+0 dagger (1)]
  3052 | D:3      | Reached skill level 3 in Fighting
  3052 | D:3      | Reached skill level 3 in Invocations
  3052 | D:3      | Reached XP level 4. HP: 11/28 MP: 9/9
  3537 | D:3      | HP: 5/28 [Crazy Yiuf/+2 quarterstaff of chaos (5)]
  3540 | D:3      | HP: 2/28 [Crazy Yiuf/+2 quarterstaff of chaos (9)]
  3541 | D:3      | Killed Crazy Yiuf
  4051 | D:4      | Reached XP level 5. HP: 29/32 MP: 11/11
  4124 | D:4      | HP: 8/32 [scorpion (2)]
  4126 | D:4      | HP: 3/32 [poisoned by a scorpion]
  4127 | D:4      | Reached skill level 4 in Dodging
  4127 | D:4      | Reached skill level 3 in Spellcasting
  4127 | D:4      | HP: 1/32 [poisoned by a scorpion]
  4128 | D:4      | Succumbed to a scorpion's poison

Vanquished Creatures
  A scorpion (D:4)
  Crazy Yiuf (D:3)
  An orc wizard (D:3)
  3 adders
  A worm (D:3)
  3 dart slugs
  4 orcs (D:3)
  A bat (D:1)
  7 endoplasms
  3 giant cockroaches
  2 goblins
  3 hobgoblins
  5 quokkas
  6 ball pythons
  A frilled lizard (D:3)
  A kobold (D:1)
  4 rats
47 creatures vanquished.

Table legend:
 A = Non-vault XP
 B = Vault XP
 C = Vault XP percentage of total XP
 D = Non-vault monster count
 E = Vault monster count
 F = Vault count percentage of total count
                 A         B        C        D         E       F
            +---------+---------+-------+---------+---------+-------
      Total |     242 |      44 |  15.4 |      46 |       1 |   2.1
            +---------+---------+-------+---------+---------+-------
        D:1 |      27 |       0 |   0.0 |      16 |       0 |   0.0
        D:2 |      26 |       0 |   0.0 |       7 |       0 |   0.0
        D:3 |      88 |      44 |  33.3 |      18 |       1 |   5.3
        D:4 |     101 |       0 |   0.0 |       5 |       0 |   0.0
            +---------+---------+-------+---------+---------+-------

Illustrated notes

Table legend:
 A = Kills in this place as a percentage of kills in entire the game.
 B = Kills by you in this place as a percentage of kills by you in the entire game.
 C = Kills by friends in this place as a percentage of kills by friends in the entire game.
 D = Other kills in this place as a percentage of other kills in the entire game.
 E = Experience gained in this place as a percentage of experience gained in the entire game.
 F = Experience gained in this place divided by the number of levels of this place that you have seen.
                   A       B       C       D       E      F
               +-------+-------+-------+-------+-------+----------------------
         Total | 100.0 | 100.0 |   N/A |   N/A | 100.0 |  57.2
       Dungeon | 100.0 | 100.0 |   N/A |   N/A | 100.0 |  71.5
               +-------+-------+-------+-------+-------+----------------------

Table legend: (Time is in decaauts)
 A = Elapsed time spent in this place.
 B = Non-inter-level travel time spent in this place.
 C = Inter-level travel time spent in this place.
 D = Time resting spent in this place.
 E = Time spent auto-exploring this place.
 F = Levels seen in this place.
 G = Mean time per level.
                   A        B        C        D        E       F      G
               +--------+--------+--------+--------+--------+-----+--------+
         Total |   4130 |   4042 |     88 |    892 |   2750 |   5 |  826.0 |
       Dungeon |   4120 |   4032 |     88 |    892 |   2748 |   4 | 1030.0 |
         Abyss |      9 |      9 |      0 |      0 |      2 |   1 |    9.0 |
               +--------+--------+--------+--------+--------+-----+--------+

Top non-repeatable levels by time:
     D:3: 2055 daAuts
     D:2: 1125 daAuts
     D:1: 819 daAuts
     D:4: 119 daAuts
 Abyss:1: 9 daAuts
